cohdb
Replays
Latest Replays
All Replays
Popular Replays
Top Player Replays
Match Explorer
How It Works
Community
CoH3 Stats
Reddit
Sign in to upload your games and track your stats! →
Sign in with Steam
Match 43969685
Unlisted
Match 43969685
Overview
Messages
Build Orders
End
Construct Barracks
Engineer Squad
Selects Advanced Infantry Battlegroup
1⁄4-ton 4x4 Truck
Riflemen Squad
Riflemen Squad
Grenade Package
Selects Convert to Ranger Squad
Construct Weapon Support Center
Infantry Support Center
M3 Armored Personnel Carrier
Construct Motor Pool
Riflemen Squad
Selects Frontline Medical Station
Frontline Medical Station
M8 Greyhound Armored Car
Advanced Logistics
Ranger Squad
Selects Ammunition Storage
AI Takeover
Ashuin
admiral_gnar
那个村的王富贵
121191965
Beebo
Caliph Al Nasser
valliskindgz
Yume
0
0
Comments
sign in to comment!
No comments posted yet!